AoeStats
← Splujer

Nomad

509576915Analyzed
3v3 RM · 4d ago on Sep 27, 2026· 56m 5s· 6 players
Game mode
Random Map
Map size
210×210
Population
200
Speed
Normal
Resources
Standard
Victory
Conquest
Starting age
Dark Age
Ending age
Imperial Age
RankedLock teamsTeams togetherTeam positionsShared explorationLock speedFull tech treeHidden civsTurbo modeCheats
Victory
Defeat
🇨🇳 Franks · China
822
+15
🇦🇺 Mongols · Australia
757
+17
🇻🇳 Khitans · Vietnam
731
+18
🇩🇪 Persians · Germany
911
-21
🇭🇺 Romans · Hungary
860
-20
🇫🇷 Koreans · France
598
-9
applerutz20052001
3:34 Loom
15:49 Feudal Age
17:19 Double-Bit Axe
20:56 Castle Age
18:50 Gold Mining
19:33 Scale Barding Armor
19:39 Forging
21:24 Light Cavalry
22:09 Domestication
22:46 Husbandry
24:00 Chain Barding Armor
24:40 Pastoralism
25:40 Wheelbarrow
25:34 Bow Saw
30:52 Fletching
31:03 Padded Archer Armor
32:59 Stone Mining
34:50 Stone Shaft Mining
35:45 Leather Archer Armor
35:25 Bodkin Arrow
35:25 Crossbowman
36:23 Thumb Ring
37:27 Iron Casting
39:55 Imperial Age
37:47 Hand Cart
37:18 Town Watch
40:28 Heavy Rocket Cart
42:23 Chemistry
41:19 Murder Holes
41:44 Ballistics
41:15 Heated Shot
42:07 Plate Barding Armor
47:40 Hussar
50:38 Gambesons
50:54 Squires
50:16 Pikeman
51:55 Parthian Tactics
50:50 Elite Skirmisher
51:49 Arson
55:42 Elite Liao Dao
56:29 Ordo Cavalry
56:30 Lamellar Armor
1120693432
9:31 Loom
15:00 Feudal Age
20:13 Castle Age
18:07 Double-Bit Axe
24:02 Bow Saw
26:49 Gold Mining
26:49 Stone Mining
28:31 Gold Shaft Mining
28:55 Husbandry
35:14 Scale Barding Armor
35:20 Forging
36:43 Wheelbarrow
35:58 Town Watch
38:45 Imperial Age
38:44 Iron Casting
39:00 Cavalier
41:16 Hand Cart
41:02 Town Patrol
42:08 Paladin
42:11 Light Cavalry
47:57 Blast Furnace
47:19 Chain Barding Armor
53:57 Capped Ram
54:47 Chivalry
54:18 Ordonnance Companies
54:49 Ordonnance Companies
56:48 Conscription
TownsVanFran
5:08 Loom
16:04 Feudal Age
16:47 Double-Bit Axe
17:44 Wheelbarrow
20:00 Bloodlines
23:44 Castle Age
22:45 Stone Mining
23:13 Horse Collar
23:44 Scale Barding Armor
23:50 Forging
24:39 Bow Saw
24:31 Heavy Plow
26:25 Husbandry
30:57 Hand Cart
34:47 Caravan
35:54 Pikeman
41:17 Fortified Wall
41:03 Murder Holes
43:23 Chain Barding Armor
43:39 Iron Casting
44:07 Ballistics
44:00 Gold Mining
50:15 Imperial Age
50:48 Nomads
51:18 Conscription
52:03 Blast Furnace
50:36 Elite Steppe Lancer
50:59 Heavy Camel Rider
53:44 Capped Ram
Splujer
9:33 Loom
18:05 Feudal Age
18:30 Horse Collar
19:17 Double-Bit Axe
19:20 Fishing Lines
21:40 Wheelbarrow
20:50 Town Watch
21:31 Gold Mining
21:35 Stone Mining
23:52 Castle Age
25:38 Forging
25:29 Scale Mail Armor
25:45 Pikeman
27:14 Iron Casting
27:02 Hand Cart
26:33 Town Watch
26:53 Squires
29:02 Chain Mail Armor
29:05 Gillnets
29:22 Light Cavalry
30:03 Husbandry
31:31 Heavy Plow
33:29 Ballistics
33:05 Murder Holes
33:25 Fervor
33:36 Sanctity
34:07 Bow Saw
40:26 Imperial Age
38:02 Town Patrol
38:43 Medium Warships
40:58 Scale Barding Armor
40:44 Fletching
41:30 Conscription
41:33 Shinkichon
41:42 Shinkichon
40:46 Heavy Rocket Cart
43:51 Capped Ram
53:37 Halberdier
Kanister38
7:34 Loom
14:24 Feudal Age
14:44 Horse Collar
16:18 Double-Bit Axe
16:38 Gold Mining
21:40 Castle Age
19:36 Stone Mining
19:38 Fishing Lines
21:20 Forging
21:16 Scale Barding Armor
22:53 Heavy Plow
23:05 Bow Saw
22:58 Caravan
22:55 Gillnets
28:05 Stone Shaft Mining
28:06 Gold Shaft Mining
28:25 Bloodlines
29:34 Wheelbarrow
29:49 Pikeman
31:24 Chain Barding Armor
32:17 Iron Casting
32:51 Fletching
38:06 Imperial Age
37:22 Hand Cart
38:06 Cavalier
39:23 Crop Rotation
41:15 Blast Furnace
40:52 Plate Barding Armor
40:14 Bodkin Arrow
41:46 Conscription
41:40 Citadels
42:06 Hoardings
40:56 Savar
45:16 Halberdier
46:03 Scale Mail Armor
49:57 Two-Man Saw
49:18 Chain Mail Armor
benjaminvilmos
19:38 Feudal Age
24:02 Stone Mining
24:05 Gold Mining
24:02 Double-Bit Axe
26:30 Castle Age
24:16 Loom
25:08 Bloodlines
25:37 Fishing Lines
29:05 Bow Saw
28:40 Horse Collar
31:19 Wheelbarrow
32:04 Heavy Plow
33:02 Gold Shaft Mining
32:55 Hand Cart
42:48 Imperial Age
40:33 Husbandry
40:47 Forging
44:23 Iron Casting
43:58 Scale Barding Armor
44:01 Squires
43:21 Pikeman
44:30 Comitatenses
43:31 Elite Centurion
44:32 Conscription
45:20 Crop Rotation
44:56 Man-at-Arms
47:29 Blast Furnace
46:49 Chain Barding Armor
46:21 Halberdier
46:23 Long Swordsman
48:55 Scale Mail Armor
49:35 Plate Barding Armor
Connection lost

Rejoining the realm…

Still unreachable

The connection could not be restored.

Session expired

The server has moved on; the page needs a fresh start.